 Dungeon Crawl Stone Soup version 0.25.1-2-g60ff931df9 (webtiles) character file.

Game seed: 7613713280786341056

41 gruber the Ruffian (level 3, 0/31 HPs)
             Began as a Naga Transmuter on Aug 23, 2020.
             Hit by a boomerang thrown by an orc (5 damage)
             ... on level 2 of the Dungeon.
             The game lasted 00:01:15 (1719 turns).

gruber the Ruffian (Naga Transmuter)                Turns: 1719, Time: 00:01:16

Health: 0/31       AC:  2    Str: 12    XL:     3   Next: 52%
Magic:  1/6        EV: 10    Int: 14    God:
Gold:   143        SH:  0    Dex: 17    Spells: 3/6 levels left

rFire    . . .     SeeInvis +     - Unarmed
rCold    . . .     Gourm    .   (no shield)
rNeg     . . .     Faith    .   b - +0 robe
rPois    +         Spirit   .   (no helmet)
rElec    .         Reflect  .   (no cloak)
rCorr    .         Harm     .   (no gloves)
MR       .....                  (no barding)
Stlth    ++........             (no amulet)
HPRegen  0.10/turn              c - +6 ring of dexterity
MPRegen  0.10/turn              (no ring)

@: very slow
A: large, see invisible, deformed body, poison resistance, slowness 2, slow
metabolism 1, spit poison 1, AC +1
a: Spit Poison


You were on level 2 of the Dungeon.
You were not hungry.

You visited 1 branch of the dungeon, and saw 2 of its levels.

You collected 143 gold pieces.

Inventory:

Missiles
 a - 23 arrows
 m - 29 poisoned darts (quivered)
Armour
 b - a +0 robe (worn)
 i - a +0 leather armour of cold resistance
Jewellery
 c - a +6 ring of dexterity (left hand)
Scrolls
 e - a scroll of remove curse {unknown}
 h - a scroll of amnesia {unknown}
 k - 2 scrolls of identify {unknown}
 l - a scroll of blinking {unknown}
Potions
 f - 2 potions of stabbing {unknown}
 j - a potion of lignification {unknown}
Comestibles
 d - 4 rations


   Skills:
 - Level 1.0 Fighting
 - Level 1.5 Dodging
 + Level 4.4 Unarmed Combat
 - Level 2.0 Spellcasting
 - Level 2.0 Transmutations


You had 3 spell levels left.
You knew the following spells:

 Your Spells              Type           Power        Failure   Level  Hunger
a - Beastly Appendage     Tmut           #.....       11%         1    ##.....
b - Sticks to Snakes      Tmut           #.......     16%         2    ###....

Your spell library contained the following spells:

 Spells                   Type           Power        Failure   Level  Hunger
 Spider Form              Tmut/Pois      #.........   43%         3    ####...
 Ice Form                 Ice/Tmut       #.......     83%         4    #####..
 Blade Hands              Tmut           #.........   96%         5    ######.


Dungeon Overview and Level Annotations

Branches:
Dungeon (2/15)

Altars:
Trog


Innate Abilities, Weirdness & Mutations

You cannot wear boots.
Your serpentine skin is tough. (AC +1)
You have supernaturally acute eyesight. (SInv)
Armour fits poorly on your strangely shaped body.
Your system is resistant to poisons. (rPois)
You cover ground very slowly.
You have a slow metabolism.
You can spit poison.


Message History

* * * LOW HITPOINT WARNING * * *
The weapon returns to the orc!
Your adder bites the orc but does no damage.
Your ball python bites the orc but does no damage.
Your ball python constricts the orc.
The orc throws a boomerang.
The boomerang misses your adder. The boomerang hits you.
* * * LOW HITPOINT WARNING * * *
The weapon returns to the orc!
Unknown command.
The orc dies!
The orc throws a boomerang.
The boomerang closely misses your adder.
The boomerang closely misses you.
The weapon returns to the orc!
There is an open door here.
Unknown command.
Unknown command.
Your adder bites the orc.
The orc throws a boomerang.
The boomerang closely misses your adder.
The boomerang hits you.
You die...

#.##.....##.#..##...#.+......
#.######.##.#.^##...###......
#.# #.....#.##.####.# #......
#####.# #.....#....# #.#
#...... #.....# #.....#....#
#.# #...... ..#####
#.......##.# #.# #...... ###
#..........# #+# #......
#.......##### #......>@...+
#.....#'##### #oSS.....#
#.)......# #.....)......#
..............#
#######.$.....# #.......#
####....#


You could see an orc, a friendly adder and a friendly ball python.

Vanquished Creatures
  An adder (D:2)
  2 ball pythons (D:2)
  2 giant cockroaches (D:2)
  2 goblins (D:1)
  2 hobgoblins (D:2)
  3 jackals (D:1)
  A quokka (D:2)
  7 bats
  3 rats
23 creatures vanquished.

Vanquished Creatures (collateral kills)
  3 orcs (D:2)
3 creatures vanquished.

Grand Total: 26 creatures vanquished

Notes
Turn   | Place    | Note
-------+----------+-------------------------------------------
     0 | D:1      | gruber the Naga Transmuter began the quest for the Orb.
     0 | D:1      | Reached XP level 1. HP: 18/18 MP: 3/3
   423 | D:1      | Reached XP level 2. HP: 22/25 MP: 3/5
   877 | D:2      | Learned a level 2 spell: Sticks to Snakes
   937 | D:2      | Reached skill level 4 in Unarmed Combat
   937 | D:2      | Reached XP level 3. HP: 22/31 MP: 4/6
  1432 | D:2      | Found a bloodstained altar of Trog.
  1719 | D:2      | Hit by a boomerang thrown by an orc

Illustrated notes

Levels and vault maps discovered:
D:1:      eino_arrival_tree_alley, layout_loops_ring
D:2:      layout_basic, lemuel_crystal_altar, trog_three_pillars_becter

Skill      XL: |  1  2 |
---------------+-------+-----
Unarmed Combat | 4 |  4.4
Fighting       | |  1.0
Dodging        | |  1.5
Spellcasting   | |  2.0
Transmutations | |  2.0

Action                   || total
-------------------------++-------
Melee: Unarmed           ||    70
       Punch             ||     1
       Headbutt          ||     2
 Cast: Beastly Appendage ||     4
       Sticks to Snakes  ||     3
 Stab: Sleeping          ||     2
  Eat: Chunk             ||     2
Armor: Robe              ||    28
Dodge: Dodged            ||    66
